 Dungeon Crawl Stone Soup version 0.24-b1 (webtiles) character file.

Game seed: 260775400659769685, levelgen mode: deterministic

72 Mattoad the Shield-Bearer (level 4, -10/39 HPs)
             Began as a Hill Orc Fighter on Oct 12, 2019.
             Splashed by Ijyb's acid (11 damage)
             ... on level 3 of the Dungeon.
             The game lasted 00:02:40 (320 turns).

Mattoad the Shield-Bearer (Hill Orc Fighter)         Turns: 320, Time: 00:02:41

Health: -10/39     AC:  7    Str: 19    XL:     4   Next: 26%
Magic:  4/4        EV:  4    Int:  8    God:
Gold:   6          SH:  9    Dex: 10    Spells: 3/3 levels left

rFire    . . .     SeeInvis .   a - +0 war axe
rCold    . . .     Gourm    .   c - +0 shield
rNeg     . . .     Faith    .   g - +0 plate armour
rPois    .         Spirit   .   (no helmet)
rElec    .         Reflect  .   (no cloak)
rCorr    .         Harm     .   (no gloves)
MR       .....                  (no boots)
Stlth    ..........             (no amulet)
HPRegen  0.13/turn              (no ring)
MPRegen  0.09/turn              (no ring)

@: corroded
A: no striking features
a: no special abilities


You were on level 3 of the Dungeon.
You were not hungry.

You visited 1 branch of the dungeon, and saw 3 of its levels.

You collected 6 gold pieces.

Inventory:

Hand Weapons
 a - a +0 war axe (weapon)
Armour
 c - a +0 shield (worn)
 g - a +0 plate armour (worn)
Scrolls
 b - a scroll of identify {unknown}
 e - 2 scrolls of teleportation {unknown}
 i - a scroll of blinking {unknown}
Potions
 d - a potion of might
 h - a potion of heal wounds {unknown}
Comestibles
 f - a ration


   Skills:
 - Level 3.6 Fighting
 - Level 2.6 Axes
 + Level 3.9 Armour
 * Level 1.2 Dodging
 + Level 0.2 Stealth
 + Level 4.5 Shields


You had 3 spell levels left.
You didn't know any spells.
Your spell library was empty.

Dungeon Overview and Level Annotations

Branches:
Dungeon (3/15)

Altars:

Annotations:
D:3 Ijyb


Message History

There is a faded altar of an unknown god here.
You cannot tell which god this altar belongs to.
Convert to them anyway? [Y]es or [N]o only, please.
You cannot tell which god this altar belongs to.
Convert to them anyway? [Y]es or [N]o only, please.
You cannot tell which god this altar belongs to.
Convert to them anyway? [Y]es or [N]o only, please.
You cannot tell which god this altar belongs to.
Convert to them anyway?
Okay, then.
Ijyb the Twisted Goblin comes into view.
She is wielding a +0 club and carrying a wand of acid (9).
Ijyb shouts!
Found a stone staircase leading up.
Ijyb zaps a wand.
The bolt of acid hits you!! The acid corrodes you!
You are splashed with acid!
* * * LOW HITPOINT WARNING * * *
Found a stone staircase leading down.
Ijyb zaps a wand.
The bolt of acid hits you!
* * * LOW HITPOINT WARNING * * *
You are splashed with acid!
You die...

. ........ .#.
#<........ >...
...........
....###...........
...................
.......g.#.........
...................
.......@.........#
.................#
....###.....#....# ...
#...#..#.#...##. .
#.#.#.#._.#.........
.#.#.#..#.#...###.#..
..........#...........
..#.##...............#
.. #####.....##..#.#


You could see Ijyb.

Vanquished Creatures
  An orc priest (D:2)
  A gnoll (D:1)
  2 adders
  A leopard gecko (D:3)
  3 orcs (D:2)
  A bat (D:1)
  A goblin (D:3)
  3 hobgoblins
  2 rats (D:2)
15 creatures vanquished.

Notes
Turn   | Place    | Note
-------+----------+-------------------------------------------
     0 | D:1      | Mattoad the Hill Orc Fighter began the quest for the Orb.
     0 | D:1      | Reached XP level 1. HP: 19/19 MP: 1/1
    14 | D:1      | Reached XP level 2. HP: 25/26 MP: 2/2
    69 | D:2      | Reached skill level 4 in Shields
    77 | D:2      | Reached XP level 3. HP: 23/31 MP: 3/3
    86 | D:2      | Reached skill level 1 in Dodging
    91 | D:2      | Reached XP level 4. HP: 26/39 MP: 4/4
   302 | D:3      | Found a faded altar of an unknown god.
   316 | D:3      | Noticed Ijyb
   320 | D:3      | HP: 1/39 [Ijyb/bolt of acid (10)]
   320 | D:3      | Splashed by Ijyb's acid

Skill      XL: |  1  2  3 |
---------------+----------+-----
Shields        | 4 |  4.5
Dodging        | 1 |  1.2
Fighting       | |  3.6
Axes           | |  2.6
Armour         | |  3.9
Stealth        | |  0.2

Action                   |  1- 3 |  4- 6 || total
-------------------------+-------+-------++-------
Melee: War axe           |    25 |    25 ||    50
Armor: Scale mail        |    22 |       ||    22
       Plate armour      |       |    21 ||    21
Dodge: Dodged            |    20 |    14 ||    34
Block: Shield            |    23 |    21 ||    44
